 Dungeon Crawl Stone Soup version 0.31-a0-675-g238779eb0a (webtiles) character file.

Game seed: 17785526162823141743

103 qw the Shooter (level 4, -5/28 HPs)
             Began as a Gargoyle Hunter on Sept 5, 2023.
             Slain by a river rat (7 damage)
             ... in a sewer.
             The game lasted 00:00:36 (1387 turns).

qw the Shooter (Gargoyle Hunter)                    Turns: 1387, Time: 00:00:36

Health: -5/28      AC:  7    Str: 15    XL:     4   Next: 79%
Magic:  4/4        EV: 11    Int:  9    God:
Gold:   72         SH:  0    Dex: 15    Spells: 3/3 levels left

rFire   . . .        f - +2 arbalest (heavy)
rCold   . . .        (shield currently unavailable)
rNeg    + . .        c - +0 leather armour
rPois   inf          (no helmet)
rElec   +            (no cloak)
rCorr   +            (no gloves)
SInv    .            g - +0 pair of boots
Will    .....        a - amulet of the acrobat
Stlth   ++           d - ring of resist corrosion
HPRegen 0.24/turn    (no ring)
MPRegen 0.09/turn

%: acrobat
@: no status effects
A: sickness immunity, AC +3, negative energy resistance 1, electricity
resistance, torment resistance 1, petrification resistance
a: no special abilities


You were in a sewer.
You visited 1 branch of the dungeon, and saw 3 of its levels.
You also visited: Sewer.

You collected 72 gold pieces.


Innate Abilities, Weirdness & Mutations

You are immune to sickness and miasma.
Your stone body is resilient. (AC +3)
You are immune to poison.
You resist negative energy. (rN+)
You are resistant to electric shocks. (rElec)
You are resistant to unholy torment.
You are immune to petrification.


   Skills:
 - Level 3.0 Fighting
 + Level 5.7 Ranged Weapons
 - Level 1.5 Dodging
 - Level 1.1 Stealth


You had 3 spell levels left.
You didn't know any spells.
Your spell library was empty.

Inventory:

Hand Weapons
 f - a +2 heavy arbalest (weapon)
Armour
 c - a +0 leather armour (worn)
 g - a +0 pair of boots (worn)
Jewellery
 a - an amulet of the acrobat (around neck)
 d - a ring of resist corrosion (left hand)
Scrolls
 b - a scroll of identify
 j - a scroll of enchant armour {unknown}
 k - a scroll of fog {unknown}
Potions
 e - a potion of haste
 h - a potion of ambrosia {unknown}
 i - 4 potions of enlightenment

Dungeon Overview and Level Annotations

Branches:
Dungeon (3/15)              Sewer (1/1)

Altars:

Shops:
D:1 (

Annotations:
Sewer exclusions: endoplasm, 3 giant cockroaches and quokka


Message History

The bat hits you. The bat hits you but does no damage.
You shoot a bolt. The bolt misses the bat.
The bat hits you but does no damage. The bat closely misses you.
You shoot a bolt. The bolt closely misses the bat.
The bat closely misses you. The bat barely misses you.
You shoot a bolt. The bolt hits the bat!!
You kill the bat!
You start resting.
HP restored.
You open the large door.
Found a scroll of noise and a potion of degeneration.
There is a large open door here.
j - a scroll labelled BAKUEKYARA You see here a potion of degeneration.
You see here a scroll of noise.
k - a scroll labelled POYPNE TYARYLU
There is a large open door here.
You open the large door. 3 river rats come into view.
You shoot a bolt. The bolt hits the river rat!
You kill the river rat!
The river rat bites you. x2
The river rat bites you but does no damage.
The river rat bites you.
You shoot a bolt. The bolt barely misses the river rat.
The river rat closely misses you. x2; The river rat bites you. x2
You shoot a bolt. The bolt barely misses the river rat.
The river rat barely misses you. The river rat closely misses you.
The river rat bites you but does no damage.
The river rat bites you. The river rat barely misses you.
The river rat misses you.
You shoot a bolt. The bolt hits the river rat.
The river rat is lightly wounded.
The river rat misses you. The river rat barely misses you.
The river rat bites you. The river rat closely misses you.
You shoot a bolt. The bolt hits the river rat.
The river rat is heavily wounded.
The river rat twitches its whiskers.
The river rat bites you. The river rat misses you. The river rat bites you!
You die...

#~.~~~.~.~~.~~~~
#~~~~~~~~~~~~~~~
#~~~%~~%~~~~~~~.
#.~~####~%####~~
#~~~# #.~# #~~.#
#%.# #.~.##
#..###
#~~~##.#..#.#
#~~~##.r@.'?#
#.~~##.r..'!#
#~~~##%#..#.#
#~~~####..###
#~~~# #..# #~~~#
#..# #~~~# #..#
#.~~# +..+ #~~~#
+..


You could see 2 river rats.

Vanquished Creatures
  An adder (D:2)
  3 river rats
  2 worms (Sewer)
  3 dart slugs
  4 endoplasms
  6 giant cockroaches
  2 hobgoblins (D:1)
  4 jackals
  A kobold (D:1)
  5 quokkas
  8 ball pythons
  6 bats
  2 frilled lizards (D:1)
  2 goblins (D:1)
  4 rats
53 creatures vanquished.

Notes
Turn   | Place    | Note
-------+----------+-------------------------------------------
     0 | D:1      | qw the Gargoyle Hunter began the quest for the Orb.
     0 | D:1      | Reached XP level 1. HP: 12/12 MP: 1/1
     0 | D:1      | 0 ||| qw: Version: 0.3-a-75-g829b12e
     0 | D:1      | 0 ||| qw: Game counter: 36
     0 | D:1      | 0 ||| qw: Melee chars always use a shield: true
     0 | D:1      | 0 ||| qw: God list: Okawaru
     0 | D:1      | 0 ||| qw: Allow faded altars: false
     0 | D:1      | 0 ||| qw: Do Orc after clearing Dungeon:15 true
     0 | D:1      | 0 ||| qw: Do second Lair branch before Depths: true
     0 | D:1      | 0 ||| qw: Lair rune preference: random
     0 | D:1      | 0 ||| qw: Goals: Normal
     0 | D:1      | 0 ||| PLANNING D:1-11
    34 | D:1      | Found Wadwis's Antique Weapon Shop.
    57 | D:1      | Reached XP level 2. HP: 17/17 MP: 2/2
   405 | D:1      | 405 ||| UPGRADING to +0 pair of boots.
   410 | D:1      | 410 ||| UPGRADING to ring of resist corrosion.
   411 | D:1      | 411 ||| READING scroll labelled ZUAMPA LIDELUA.
   412 | D:1      | 412 ||| DRINKING 2 green potions.
   413 | D:1      | 413 ||| DROPPING scroll of butterflies.
   456 | D:2      | Reached XP level 3. HP: 21/21 MP: 3/3
   527 | D:2      | Reached skill level 5 in Ranged Weapons
   834 | D:2      | Found a faded altar of an unknown god.
  1052 | D:2      | 1052 ||| UPGRADING to amulet of the acrobat.
  1057 | D:2      | 1057 ||| READING scroll labelled YPTONT ZUQI.
  1057 | D:2      | Identified a scroll of acquirement
  1057 | D:2      | 1057 ||| ACQUIRING +2 heavy arbalest
  1057 | D:2      | Acquired a +2 heavy arbalest
  1059 | D:2      | 1059 ||| SWAPPING to +2 heavy arbalest.
  1060 | D:2      | 1060 ||| DROPPING +0 shortbow.
  1061 | D:2      | 1061 ||| READING scroll labelled RIOPRA NOYKHABIJ.
  1106 | D:3      | 1106 ||| PLANNING SEWER
  1123 | D:3      | Found a glowing drain.
  1143 | D:3      | Reached skill level 3 in Fighting
  1146 | D:3      | Reached XP level 4. HP: 19/28 MP: 4/4
  1181 | Sewer    | Entered a sewer
  1204 | Sewer    | 1204 ||| Stepping ~*~*~tactically~*~*~ (water).
  1206 | Sewer    | 1206 ||| Stepping ~*~*~tactically~*~*~ (water).
  1260 | Sewer    | 1260 ||| Stepping ~*~*~tactically~*~*~ (water).
  1262 | Sewer    | 1262 ||| Stepping ~*~*~tactically~*~*~ (water).
  1323 | Sewer    | 1323 ||| Stepping ~*~*~tactically~*~*~ (water).
  1385 | Sewer    | HP: 5/28 [river rat (6)]
  1387 | Sewer    | HP: 2/28 [river rat (2)]
  1387 | Sewer    | Slain by a river rat

Levels and vault maps discovered:
D:1:      saegor_arrival_miasma, layout_rooms, serial_shops, shop,
          minmay_pentomino_z4
D:2:      layout_basic, ebering_ecumenical_altar_box
D:3:      cheibrodos_helix_gallery, layout_rooms, portal_sewer_entry_c,
          uniq_crazy_yiuf_cottage, uniq_jessica, uniq_sigmund
Sewer:    sewer_fruit_machine

Skill      XL: |  1  2  3 |
---------------+----------+-----
Ranged Weapons | 5 |  5.7
Fighting       | 3 |  3.0
Dodging        | |  1.5
Stealth        | |  1.1

Action                     |  1- 3 |  4- 6 || total
---------------------------+-------+-------++-------
   Fire: Shortbow          |    63 |       ||    63
         Arbalest          |    12 |    39 ||    51
    Use: Scroll            |     3 |       ||     3
         Potion            |     1 |       ||     1
 Armour: Leather armour    |    21 |    60 ||    81
  Dodge: Dodged            |    24 |    74 ||    98

Table legend:
 A = Non-vault XP
 B = Vault XP
 C = Vault XP percentage of total XP
 D = Non-vault monster count
 E = Vault monster count
 F = Vault count percentage of total count
                 A         B        C        D         E       F
            +---------+---------+-------+---------+---------+-------
      Total |      59 |      89 |  60.1 |      25 |      28 |  52.8
            +---------+---------+-------+---------+---------+-------
        D:1 |      29 |       4 |  12.1 |      15 |       3 |  16.7
        D:2 |      25 |       0 |   0.0 |       8 |       0 |   0.0
        D:3 |       5 |      22 |  81.5 |       2 |       6 |  75.0
      Sewer |       0 |      63 | 100.0 |       0 |      19 | 100.0
            +---------+---------+-------+---------+---------+-------
